 Dungeon Crawl Stone Soup version 0.30-a0-728-gc68057be0a (webtiles) character file.

Game seed: 14504611519013204088

377 cowhearter the Covert (level 6, -4/49 (53) HPs)
             Began as a Gnoll Delver on Feb 1, 2023.
             Slain by a wight
             ... wielding a +3 long sword
              (7 damage)
             ... on level 6 of the Dungeon.
             The game lasted 00:05:18 (1403 turns).

cowhearter the Covert (Gnoll Delver)                Turns: 1403, Time: 00:05:19

HP:   -4/49 (53)    AC:  3    Str: 13    XL:     6   Next: 73%
MP:   9/9           EV: 13    Int: 10    God:
Gold: 35            SH:  0    Dex: 13    Spells: 9/9 levels left

rFire   . . .      SeeInvis .    k - +0 scimitar
rCold   . . .      Faith    .    (no shield)
rNeg    . . .      Spirit   .    b - +0 leather armour
rPois   .          Reflect  .    (no helmet)
rElec   .          Harm     .    (no cloak)
rCorr   .          Rampage  .    (no gloves)
Will    .....                    (no boots)
Stlth   ++++                     (no amulet)
HPRegen 0.28/turn                (no ring)
MPRegen 0.11/turn                (no ring)

@: drained
A: fangs 1, strong nose, distributed training
a: no special abilities


You were on level 6 of the Dungeon.
You visited 1 branch of the dungeon, and saw 2 of its levels.

You collected 35 gold pieces.

Inventory:

Hand Weapons
 a - a +0 falchion
 k - a +0 scimitar (weapon)
 l - a +0 war axe
Missiles
 j - 3 poisoned darts (quivered)
 n - 3 javelins
Armour
 b - a +0 leather armour (worn)
Wands
 g - a wand of digging (3)
Scrolls
 c - a scroll of fog
 d - a scroll of magic mapping
 e - a scroll of fear
 o - a scroll of identify {unknown}
Potions
 f - a potion of haste
 h - 3 potions of heal wounds {unknown}
 i - 2 potions of might {unknown}
 m - a potion of flight {unknown}


   Skills:
 + Level 6.9 Fighting
 + Level 2.1 Short Blades
 + Level 5.1 Long Blades
 + Level 2.1 Axes
 + Level 2.1 Maces & Flails
 + Level 2.1 Polearms
 + Level 2.1 Staves
 + Level 2.1 Ranged Weapons
 + Level 2.1 Throwing
 + Level 2.1 Armour
 + Level 5.1 Dodging
 + Level 9.8 Stealth
 + Level 2.1 Shields
 + Level 2.1 Unarmed Combat
 + Level 2.1 Spellcasting
 + Level 1.7 Conjurations
 + Level 1.7 Hexes
 + Level 1.7 Summonings
 + Level 1.7 Necromancy
 + Level 1.7 Translocations
 + Level 1.7 Transmutations
 + Level 1.7 Fire Magic
 + Level 1.7 Ice Magic
 + Level 1.7 Air Magic
 + Level 1.7 Earth Magic
 + Level 1.7 Poison Magic
 + Level 2.4 Invocations
 + Level 2.1 Evocations


You had 9 spell levels left.
You didn't know any spells.
Your spell library was empty.

Dungeon Overview and Level Annotations

Branches:
Dungeon (6/15)
 Temple: D:4-7

Altars:
Kikubaaqudgha


Innate Abilities, Weirdness & Mutations

You have very sharp teeth.
Your uncanny sense of smell can sniff out nearby items.
Your experience applies equally to all skills.


Message History

a +0 dagger; a +0 leather armour; an orc skeleton You see here a +0 whip.
You see here a +0 sling.
Done exploring.
Done exploring.
There is a stone staircase leading down here.
You climb downwards.
There is a stone staircase leading up here.
There is a stone staircase leading up here.
A wight comes into view. It is wielding a +3 long sword.
Throw: 4 darts (poison)
Press: ? - help, Q - select action, (/) - cycle Shift-Dir - straight line, f - wight
Aim: a wight, wielding a +3 long sword and wearing a +0 robe (dormant, 98% to hit)
Okay, then.
Throw: 4 darts (poison)
Press: ? - help, Q - select action, (/) - cycle Shift-Dir - straight line, f - wight
Aim: a wight, wielding a +3 long sword and wearing a +0 robe (dormant, 98% to hit)
You throw a poisoned dart. The poisoned dart hits the wight.
A wight is nearby!
A wight is nearby!
A wight is nearby!
There are no items here.
The wight barely misses you.
You closely miss the wight. The wight closely misses you.
The wight hits you with a +3 long sword!
You feel drained.
You closely miss the wight.
The wight hits you with a +3 long sword!
You completely miss the wight.
The wight hits you with a +3 long sword!
* * * LOW HITPOINT WARNING * * *
You feel drained.
* * * LOW HITPOINT WARNING * * *
You barely miss the wight. You bite the wight.
The wight is lightly damaged.
The wight closely misses you.
You completely miss the wight.
The wight is lightly damaged.
The wight hits you with a +3 long sword!
You die...

∆ .
....######
#........#
###.####<#
###.#
#...#
#@### #z#
#.# #.#
... #.#
#.# #.#
..(


You could see a wight.

Vanquished Creatures
  2 black bears (D:5)
  A phantom (D:5)
  An orc priest (D:5)
  An iguana (D:5)
  An orc wizard (D:5)
  3 gnolls (D:5)
  An adder (D:5)
  An ufetubus (D:5)
  2 orcs (D:5)
  A quokka (D:5)
14 creatures vanquished.

Notes
Turn   | Place    | Note
-------+----------+-------------------------------------------
     0 | D:5      | Reached skill level 9 in Stealth
     0 | D:5      | cowhearter the Gnoll Delver began the quest for the Orb.
     0 | D:5      | Reached XP level 1. HP: 23/23 MP: 1/1
    15 | D:5      | Reached XP level 2. HP: 15/29 MP: 2/2
   218 | D:5      | Found an ancient bone altar of Kikubaaqudgha.
   317 | D:5      | Noticed a black bear
   485 | D:5      | Killed a black bear
   486 | D:5      | Reached skill level 1 in Short Blades
   486 | D:5      | Reached skill level 1 in Axes
   486 | D:5      | Reached skill level 1 in Maces & Flails
   486 | D:5      | Reached skill level 1 in Polearms
   486 | D:5      | Reached skill level 1 in Staves
   486 | D:5      | Reached skill level 1 in Ranged Weapons
   486 | D:5      | Reached skill level 1 in Throwing
   486 | D:5      | Reached skill level 1 in Armour
   486 | D:5      | Reached skill level 1 in Shields
   486 | D:5      | Reached skill level 1 in Unarmed Combat
   486 | D:5      | Reached skill level 1 in Spellcasting
   486 | D:5      | Reached skill level 1 in Conjurations
   486 | D:5      | Reached skill level 1 in Hexes
   486 | D:5      | Reached skill level 1 in Summonings
   486 | D:5      | Reached skill level 1 in Necromancy
   486 | D:5      | Reached skill level 1 in Translocations
   486 | D:5      | Reached skill level 1 in Transmutations
   486 | D:5      | Reached skill level 1 in Fire Magic
   486 | D:5      | Reached skill level 1 in Ice Magic
   486 | D:5      | Reached skill level 1 in Air Magic
   486 | D:5      | Reached skill level 1 in Earth Magic
   486 | D:5      | Reached skill level 1 in Poison Magic
   486 | D:5      | Reached skill level 1 in Invocations
   486 | D:5      | Reached skill level 1 in Evocations
   486 | D:5      | Reached XP level 3. HP: 20/35 MP: 2/4
   486 | D:5      | Reached XP level 4. HP: 24/41 MP: 2/5
   604 | D:5      | Noticed a black bear
   616 | D:5      | Killed a black bear
   617 | D:5      | Reached XP level 5. HP: 28/47 MP: 5/7
   786 | D:5      | Noticed a phantom
   798 | D:5      | Killed a phantom
   799 | D:5      | Reached skill level 5 in Long Blades
   799 | D:5      | Reached skill level 5 in Dodging
   799 | D:5      | Reached XP level 6. HP: 49/53 MP: 7/9
  1401 | D:6      | HP: 2/49 [wight/+3 long sword (2)]
  1403 | D:6      | Slain by a wight

Illustrated notes

Levels and vault maps discovered:
D:5:      wander_river, layout_basic, kiku_gazebo_garden_becter,
          kennysheep_generic_room_13
D:6:      layout_loops_ring, eat_drink_and_be_merry_uskayaw, serial_shops,
          shop_fountains, lemuel_flame_loot_1, uniq_pikel

Skill      XL: |  1  2  3  4  5 |
---------------+----------------+-----
Stealth        | |  9.8
Short Blades   | 1 2 |  2.1
Axes           | 1 2 |  2.1
Maces & Flails | 1 2 |  2.1
Polearms       | 1 2 |  2.1
Staves         | 1 2 |  2.1
Ranged Weapons | 1 2 |  2.1
Throwing       | 1 2 |  2.1
Armour         | 1 2 |  2.1
Shields        | 1 2 |  2.1
Unarmed Combat | 1 2 |  2.1
Spellcasting   | 1 2 |  2.1
Conjurations   | 1 |  1.7
Hexes          | 1 |  1.7
Summonings     | 1 |  1.7
Necromancy     | 1 |  1.7
Translocations | 1 |  1.7
Transmutations | 1 |  1.7
Fire Magic     | 1 |  1.7
Ice Magic      | 1 |  1.7
Air Magic      | 1 |  1.7
Earth Magic    | 1 |  1.7
Poison Magic   | 1 |  1.7
Invocations    | 1 2 |  2.4
Evocations     | 1 2 |  2.1
Long Blades    | 5 |  5.1
Dodging        | 5 |  5.1
Fighting       | |  6.9

Action                     |  1- 3 |  4- 6 || total
---------------------------+-------+-------++-------
  Melee: Falchion          |    20 |    20 ||    40
         Bite              |     3 |     5 ||     8
         Scimitar          |       |    26 ||    26
  Throw: Dart              |     6 |    17 ||    23
   Stab: Sleeping          |       |     1 ||     1
 Armour: Leather armour    |     5 |     6 ||    11
  Dodge: Dodged            |    17 |    27 ||    44

Table legend: (Time is in decaauts)
 A = Elapsed time spent in this place.
 B = Non-inter-level travel time spent in this place.
 C = Inter-level travel time spent in this place.
 D = Time resting spent in this place.
 E = Time spent auto-exploring this place.
 F = Levels seen in this place.
 G = Mean time per level.
                   A        B        C        D        E       F      G
               +--------+--------+--------+--------+--------+-----+--------+
         Total |   1416 |   1416 |      0 |    490 |    595 |   2 |  708.0 |
       Dungeon |   1416 |   1416 |      0 |    490 |    595 |   2 |  708.0 |
               +--------+--------+--------+--------+--------+-----+--------+

Top non-repeatable levels by time:
     D:5: 1392 daAuts
     D:6: 23 daAuts
